Unix NetHack Version 5.0.0-0 post-release - last build Jul 14 2026 02:55:29 (1809b74e8187c3a3585e283601c3028b46cbbdcb,branch:main).

Game began 2026-07-14 04:19:45, ended 2026-07-14 04:54:00.

IanCurtis, chaotic male elven Wizard

                     ^
 ------     ---------|---             ---------
 |....-#####|........`...#            |.......|
 |....|    #|...........|#####` ######........|                      ------
 |....|    #|...........|########### #|..<^...|                      .....|
 |....|    #|...........|             |.......|                      |....|
 |....|    #-.-----------             --+------                      |....|
 -|----    #################                              ------    #-....|
  ###        ##         #####                             ......#####|....|
    ####      #             ##          #                 |%...|     ------
  -----.------#              ######q@###                 #-(.>{|
  |...........#                       -|--.--   ##########|....|
  |..........|                        |.....|####         |....|
  |..........|                        |......#            ------
  |..........|                        |(.`..|
  ------------                        ---|---
                                         ^

IanCurtis the Thaumaturge  St:14 Dx:10 Co:13 In:19 Wi:13 Ch:9  Chaotic
Dlvl:6  $:194 HP:0(47) Pw:42(55) AC:8  Xp:6 T:3462  Burdened

Latest messages:
 Core dumped.
 Where do you want to travel to?
 (For instructions type a '?')
 The rothe hits!
 The rothe bites!
 The rothe bites again!
 You miss the rothe.
 The rothe hits!
 The rothe bites!
 The rothe bites again!
 In what direction? h
 The spell hits the rothe!
 You kill the rothe!
 You are beginning to feel hungry.
 You see here a rothe corpse.
 There is a rothe corpse here; eat it? [ynq] (n) y
 This rothe corpse is fatty.
 You stop eating the rothe corpse.
 There is a partly eaten rothe corpse here; eat it? [ynq] (n) y
 You resume your meal.
 The rothe hits!
 You stop eating the rothe corpse.
 The rothe bites!
 The rothe bites again!
 In what direction? h
 The spell hits the rothe!
 You kill the rothe!
 There is a partly eaten rothe corpse here; eat it? [ynq] (n) y
 You consume the last bite of your meal.
 You finish eating the rothe corpse.
 You see here a rothe corpse.
 There is a rothe corpse here; eat it? [ynq] (n) y
 This rothe corpse is tough.
 You finish eating the rothe corpse.
 The wererat hits!
 In what direction? h
 The spell hits the wererat!
 You kill the wererat!
 The rothe hits!
 The rothe bites!
 The rothe bites again!
 In what direction? h
 The spell hits the rothe!
 The rothe hits!
 The rothe bites!
 The rothe bites again!
 The rothe hits!
 The rothe bites!
 You die...
 Do you want your possessions identified? [ynq] (y) q

Inventory:
 Coins    ('$')
  $ - 194 gold pieces
 Weapons  (')')
  a - the rustproof +0 Magicbane (weapon in right hand)
  O - a blessed +1 quarterstaff
  y - the +1 Werebane
 Armor    ('[')
  J - an uncursed +0 pair of elven boots (being worn)
  b - a blessed +0 cloak of magic resistance (being worn)
 Comestibles  ('%')
  M - an uncursed food ration
 Scrolls  ('?')
  k - an uncursed scroll of confuse monster
  P - an uncursed scroll of create monster
  q - an uncursed scroll of earth
  s - an uncursed scroll of enchant weapon
  j - an uncursed scroll of gold detection
  Z - an uncursed scroll of identify
  i - 2 uncursed scrolls of remove curse
  t - an uncursed scroll of teleportation
 Spellbooks  ('+')
  u - an uncursed spellbook of cure sickness
  Q - an uncursed spellbook of detect unseen
  l - a blessed spellbook of force bolt
  R - an uncursed spellbook of knock
  m - an uncursed spellbook of magic missile
 Potions  ('!')
  v - an uncursed potion of booze
  f - an uncursed potion of enlightenment
  h - an uncursed potion of extra healing
  I - a cursed potion of extra healing
  g - an uncursed potion of gain energy
  w - an uncursed potion of hallucination
  F - 3 blessed potions of healing
  G - 3 uncursed potions of healing
  H - 2 cursed potions of healing
  K - a blessed potion of paralysis
  E - an uncursed potion of speed
  L - a cursed potion of speed
 Rings    ('=')
  p - an uncursed ring of conflict
  S - an uncursed +1 ring of gain constitution
  e - a blessed +2 ring of gain strength
  C - an uncursed ring of searching
  A - a cursed ring of stealth
 Wands    ('/')
  c - a wand of slow monster (0:7)
 Tools    ('(')
  o - an uncursed leather drum
  n - a magic marker (0:21)
  D - an uncursed tin whistle

IanCurtis the Wizard's attributes:

Background:
 You were a Thaumaturge, a level 6 male elven Wizard.
 You were chaotic, on a mission for Anhur
 who was opposed by Ptah (lawful) and Thoth (neutral).
 You were right-handed.
 You were in the Dungeons of Doom, on level 6.
 You entered the dungeon 3462 turns ago.
 It was nighttime.
 There was a new moon in effect when your adventure ended.
 You had 368 experience points, 272 more were needed to attain level 7.

Basics:
 You had 0 out of 47 hit points.
 You had 42 out of 55 energy points (spell power).
 Your armor class was 8.
 Your wallet contained 194 zorkmids.
 Autopickup was off.

Final Characteristics:
 Your strength was 14 (limit:18).
 Your dexterity was 10 (limit:18).
 Your constitution was 13 (limit:16).
 Your intelligence was 19 (limit:20).
 Your wisdom was 13 (limit:20).
 Your charisma was 9 (limit:18).

Final Status:
 You weren't hungry.
 You were burdened; movement was slightly slowed.
 You were wielding a dagger.
 You were unskilled in dagger.

Final Attributes:
 You were piously aligned.
 You were magic-protected.
 You were sleep resistant.
 You were telepathic.
 You had infravision.
 You were stealthy.
 You were warded.
 You are dead.

Miscellaneous:
 You didn't encounter any bones levels.
 Total elapsed playing time was 34 minutes and 14 seconds.

Major events:
 Turn
    1: IanCurtis the chaotic male elven Wizard entered the dungeon
  756: attained the rank of Conjurer (level 3)
 1131: was bestowed with Magicbane by Anhur
 1927: was bestowed with Werebane by Anhur
 3103: attained the rank of Thaumaturge (level 6)
 3462: killed by a rothe

Spells:
 Name                 Level Category     Fail Retention
 force bolt             1   attack         0%   81%-90%
 magic missile          2   attack         0%   81%-90%
 detect unseen          3   divination    71%  76%-100%

Skills:
 Fighting Skills
   bare handed combat [Unskilled]
   riding             [Unskilled]
 Weapon Skills
   dagger             [Unskilled]
   knife              [Unskilled]
   axe                [Unskilled]
   short sword        [Unskilled]
   saber              [Unskilled]
   club               [Unskilled]
   mace               [Unskilled]
   quarterstaff       [Basic]
   polearms           [Unskilled]
   spear              [Unskilled]
   trident            [Unskilled]
   sling              [Unskilled]
   dart               [Unskilled]
   shuriken           [Unskilled]
 Spellcasting Skills
   attack spells      [Basic]
   healing spells     [Unskilled]
   divination spells  [Unskilled]
   enchantment spells [Basic]
   clerical spells    [Unskilled]
   escape spells      [Unskilled]
   matter spells      [Unskilled]

Voluntary challenges:
 Character rerolling was not enabled.
 You never genocided any monsters.
 You never polymorphed an object.
 You never changed form.
 You used no wishes.
Achievements:
 You entered a shop.
 You attained the rank of Conjurer.
 You attained the rank of Thaumaturge.

 The Dungeons of Doom: levels 1 to 7
    Level 1:
    Level 2:
       A general store, a fountain.
    Level 3:
    Level 4:
       An altar, a grave.
    Level 5:
       An altar to Anhur, a fountain.
    Level 6: "vault" <- You were here.
       A fountain.
       Final resting place for
          you, killed by a rothe.
    Level 7:


Vanquished creatures:
  a leprechaun
  a blue jelly
  a yellow light
  a ghoul
  2 giant ants
  a little dog
  a floating eye
  a kitten
  a dwarf
  a kobold leader
  7 rothes
  a rabid rat
  2 giant bats
  a monkey
 an orc zombie
  a wererat
 an iguana
  3 acid blobs
  3 coyotes
  a hobbit
  4 manes
  2 large kobolds
  a giant rat
  a gnome
  a gnome zombie
  a gecko
  4 jackals
  a kobold
  a goblin
  6 grid bugs
  6 lichens
  3 newts
63 creatures vanquished.

No species were genocided or became extinct.

Game over:
                       ----------
                      /          \
                     /    REST    \
                    /      IN      \
                   /     PEACE      \
                  /                  \
                  |    IanCurtis     |
                  |      194 Au      |
                  |   killed by a    |
                  |      rothe       |
                  |                  |
                  |                  |
                  |       2026       |
                 *|     *  *  *      | *
        _________)/\\_//(\/(/\)/\//\/|_)_______

Goodbye IanCurtis the Wizard...

You died in The Dungeons of Doom on dungeon level 6 with 1947 points,
and 194 pieces of gold, after 3462 moves.
You were level 6 with a maximum of 47 hit points when you died.

